 Dungeon Crawl Stone Soup version 0.19-a0-1932-g59670f6 (webtiles) character file.

37321 varam the Cleaver (level 13, -1/118 HPs)
             Began as a Centaur Monk on Oct 25, 2016.
             Was the Champion of Okawaru.
             Slain by a fire dragon (6 damage)
             ... on level 6 of the Lair of Beasts.
             The game lasted 01:24:45 (26551 turns).

varam the Cleaver (Centaur Monk)                   Turns: 26551, Time: 01:24:46

Health: -1/118     AC: 21    Str: 19    XL:     13   Next: 57%
Magic:  15/17      EV: 14    Int: 14    God:    Okawaru [******]
Gold:   1051       SH: 14    Dex: 15    Spells: 0 memorised, 12 levels left

rFire  + . .     SeeInvis .     x - +1 war axe (freeze)
rCold  x . .     Gourm    .     Y - +2 scale mail {rPois}
rNeg   . . .     Faith    .     L - +0 shield
rPois  +         Spirit   .     (no helmet)
rElec  +         Reflect  .     n - +0 cloak
rCorr  .         Harm     .     E - +0 pair of fencer's gloves {+Riposte Dex+3}
MR     +....                    u - +2 centaur barding of the Sun {rElec MR+ Int+5}
Stlth  ++........               (no amulet)
                                q - ring of fire
                                P - +3 ring of evasion

@: about to teleport, heroism, very quick
A: hooves 3, deformed body, speed 2, mutation resistance 1, robust 1, tough skin
3
a: Heroism, Finesse, Renounce Religion


You were on level 6 of the Lair of Beasts.
You worshipped Okawaru.
Okawaru was exalted by your worship.
You were not hungry.

You visited 4 branches of the dungeon, and saw 20 of its levels.

You collected 1051 gold pieces.

Inventory:

Hand Weapons
 c - a +0 flail of venom
 w - a +2 hand crossbow of freezing
 x - a +1 war axe of freezing (weapon)
 N - the +1 war axe "Dequ" {holy, +Rage rF+ Str+5 Int+3}
   (You found it on level 3 of the Lair of Beasts)

   It has been blessed by the Shining One to cause great damage to the undead
   and demons.
   It affects your strength (+5).
   It affects your intelligence (+3).
   It protects you from fire.
   It lets you go berserk.
Missiles
 g - 109 bolts
 M - 2 throwing nets (quivered)
Armour
 n - a +0 cloak (worn)
 u - the +2 centaur barding of the Sun (worn) {rElec MR+ Int+5}
   (Okawaru gifted it to you on level 6 of the Lair of Beasts)

   It affects your intelligence (+5).
   It insulates you from electricity.
   It affects your resistance to hostile enchantments.
 z - a +1 robe of magic resistance
 C - a +2 pair of gloves
 E - the +0 pair of fencer's gloves (worn) {+Riposte Dex+3}
   (Okawaru gifted it to you on level 11 of the Dungeon)

   It affects your dexterity (+3).
 L - a +0 shield (worn)
 V - +0 mottled dragon scales
 Y - a +2 scale mail of poison resistance (worn)
Jewellery
 b - an uncursed ring of resist corrosion
 q - a ring of fire (right hand)
 F - an uncursed ring of protection from cold
 P - a +3 ring of evasion (left hand)
 X - an uncursed ring of positive energy
Wands
 k - a wand of flame (32/48)
 s - a wand of lightning (7/15)
 v - a wand of disintegration (12/24)
 G - a wand of digging (7/24)
 S - a wand of flame (17/48)
 W - a wand of acid (7/15)
Scrolls
 a - a scroll of magic mapping {unknown}
 i - 2 scrolls of teleportation
 l - 3 scrolls of enchant armour {unknown}
 y - a scroll of vulnerability {unknown}
 D - 2 scrolls of fear {unknown}
 H - 5 scrolls of remove curse {@r2}
 I - 6 scrolls of identify {@r1}
 O - 3 scrolls of fog
 Q - a scroll of noise {unknown}
 T - a scroll of recharging
Potions
 d - a potion of heal wounds {unknown}
 e - a potion of invisibility
 h - 2 potions of flight
 j - 3 potions of berserk rage
 o - 10 potions of curing {@q1}
 p - a potion of ambrosia {unknown}
 r - 3 potions of cancellation
 t - a potion of haste
 J - 3 potions of brilliance
 K - 3 potions of lignification
 R - 2 potions of resistance
Books
 Z - a book of Misfortune

   Spells                             Type                      Level
   a - Confusing Touch                Hexes                        1
   b - Confuse                        Hexes                        3
   c - Gell's Gravitas                Hexes/Translocation          3
   d - Petrify                        Transmutation/Earth          4
   e - Metabolic Englaciation         Hexes/Ice                    5
   f - Yara's Violent Unravelling     Hexes/Transmutation          5
Comestibles
 f - 18 royal jellies
 m - 17 fruits
 B - 3 beef jerkies
 U - a bread ration


   Skills:
 + Level 8.6(13.6) Fighting
 * Level 10.9(16.0) Axes
 - Level 2.2(12.3) Maces & Flails
 - Level 10.0(15.0) Crossbows
 + Level 5.4(10.4) Armour
 - Level 5.2(10.2) Dodging
 - Level 1.1(6.1) Stealth
 - Level 9.9(14.9) Shields
 - Level 5.4 Invocations


You had 12 spell levels left.
You didn't know any spells.

Dungeon Overview and Level Annotations

Branches:
Dungeon (12/15)            Temple (1/1) D:4            Lair (6/6) D:11
 Shoals (0/4) Lair:2        Snake (0/4) Lair:3        Slime (0/5) Lair:5
    Orc (1/2) D:10

Altars:
Cheibriados
Elyvilon
Fedhas
Hepliaklqana
Nemelex Xobeh
Okawaru
Qazlal
Sif Muna
Uskayaw
Vehumet
Xom
Yredelemnul
The Shining One
Jiyva

Annotations:
Lair:6 2 runed doors


Innate Abilities, Weirdness & Mutations

You have hooves in place of feet.
Armour fits poorly on your strangely shaped body.
You cover ground very quickly.
You have extremely tough skin. (AC +3)
You are somewhat resistant to further mutation.
You are robust. (+10% HP)


Message History

You hit the fire dragon but do no damage.
You kick the fire dragon, but do no damage.
The fire dragon is lightly wounded.
You hit the fire dragon. You freeze the fire dragon.
Your kick misses the fire dragon.
The fire dragon is lightly wounded.
You block the fire dragon's attack. x2; The fire dragon tramples you.
You stumble backwards!
You hit the fire dragon. You freeze the fire dragon.
Your kick misses the fire dragon.
The fire dragon is lightly wounded.
The fire dragon breathes flames at you. The blast of flame hits you!
You resist.
* * * LOW HITPOINT WARNING * * *
As you read the scroll of teleportation, it crumbles to dust.
You feel strangely unstable. The fire dragon bites you!
* * * LOW HITPOINT WARNING * * *
The fire dragon claws you but does no damage.
The fire dragon tramples you.
You die...

....
.....
.... ##
##§..##§
§§.#≈≈
.S≈§
######
##$...##
#$$@D..#
####
#$.....+
...#
#$.....+
...#
#))....#
...##
##?...##
....#
######
....#
≈§§≈
....##
##§§
.#...#


You could see a fire dragon and a lava snake.

Vanquished Creatures
  Harold (Lair:3)
  3 hydras
  A centaur warrior (D:12)
  Sonja (Lair:4)
  2 hill giants (D:10)
  A deep elf mage (D:12)
  A cyclops (D:9)
  6 elephants (Lair:5)
  Joseph (D:10)
  A siren (Lair:2)
  6 black mambas
  2 molten gargoyles (Lair:6)
  3 rime drakes (Lair:6)
  8 spiny frogs
  A kobold demonologist (D:10)
  3 komodo dragons
  2 queen bees
  A troll (D:9)
  6 dream sheep (Lair:6)
  10 blink frogs (Lair:6)
  8 hippogriffs
  A shadow (D:11)
  Sigmund (D:3)
  4 spriggans (Lair:5)
  2 wyverns
  5 humans (D:9)
  3 basilisks (Lair:6)
  23 yaks
  2 mottled dragons
  A naga (Lair:3)
  A soldier ant (D:9)
  A hell hound (Lair:6)
  11 water moccasins
  4 orc warriors
  5 porcupines
  An ice beast (D:5)
  5 sky beasts
  A hornet zombie (D:10)
  3 black bears
  11 ogres
  7 wolves
  4 centaurs
  5 crocodiles
  15 big kobolds
  7 bullfrogs
  A gnoll sergeant (D:6)
  A water moccasin zombie (D:6)
  3 scorpions
  A water moccasin skeleton (D:10)
  44 killer bees
  2 howler monkeys
  2 electric eels (Lair:1)
  A bullfrog zombie (D:5)
  A centaur zombie (D:5)
  8 crimson imps
  2 jellies
  A quasit (D:7)
  5 centaur skeletons
  7 orc priests
  A bullfrog skeleton (D:6)
  4 hounds
  4 iguanas
  Ijyb (D:2)
  Terence (D:3)
  3 orc wizards
  Natasha (thrice) (D:3)
  7 worker ants
  A killer bee zombie (D:10)
  A hound zombie (D:5)
  2 hound skeletons (D:8)
  A worker ant zombie (D:6)
  5 gnolls
  13 adders
  3 howler monkey skeletons
  2 shadow imps
  An adder skeleton (D:9)
  A worm (D:2)
  2 dart slugs
  7 leopard geckos
  22 orcs
  9 bats
  3 giant cockroaches
  6 goblins
  8 hobgoblins
  20 jackals
  13 kobolds
  5 quokkas
  2 ball pythons
  A frilled lizard (D:1)
  A leopard gecko skeleton (D:4)
  3 rats
  4 fungi
  3 plants (Lair:6)
433 creatures vanquished.

Vanquished Creatures (others)
  9 fungi
  5 plants
14 creatures vanquished.

Grand Total: 447 creatures vanquished

Notes
Turn   | Place    | Note
-------+----------+-------------------------------------------
     0 | D:1      | varam the Centaur Monk began the quest for the Orb.
     0 | D:1      | Reached XP level 1. HP: 19/19 MP: 1/1
   165 | D:1      | Reached XP level 2. HP: 19/26 MP: 2/2
   957 | D:2      | Reached XP level 3. HP: 29/31 MP: 3/3
  1314 | D:2      | Noticed Ijyb
  1349 | D:2      | Killed Ijyb
  1527 | D:2      | Reached XP level 4. HP: 38/38 MP: 4/4
  1567 | D:2      | Found a shimmering altar of Xom.
  1577 | D:2      | Found a hazy altar of Hepliaklqana.
  1579 | D:2      | Found a snail-covered altar of Cheibriados.
  2367 | D:3      | Noticed Natasha
  2424 | D:3      | Killed Natasha
  2424 | D:3      | Reached skill level 5 in Axes
  2431 | D:3      | Found a shimmering altar of Xom.
  2439 | D:3      | Reached XP level 5. HP: 41/45 MP: 5/5
  2506 | D:3      | Noticed Natasha
  2521 | D:3      | Killed Natasha
  2556 | D:3      | Noticed Natasha
  2728 | D:2      | Found a deep blue altar of Sif Muna.
  2927 | D:3      | Killed Natasha
  2943 | D:3      | Noticed Terence
  2960 | D:3      | Reached XP level 6. HP: 43/51 MP: 6/6
  2972 | D:3      | Killed Terence
  3144 | D:5      | Entered Level 5 of the Dungeon
  3198 | D:6      | Found a blossoming altar of Fedhas.
  3198 | D:6      | Found a radiant altar of Vehumet.
  3236 | D:6      | Noticed a yak
  3237 | D:6      | Noticed a yak
  3237 | D:6      | Noticed a yak
  3689 | D:5      | Reached XP level 7. HP: 47/57 MP: 7/7
  3754 | D:4      | Found a staircase to the Ecumenical Temple.
  3768 | Temple   | Entered the Ecumenical Temple
  3796 | Temple   | Became a worshipper of Warmaster Okawaru
  3796 | Temple   | Reached * piety under Okawaru
  3796 | Temple   | Reached ** piety under Okawaru
  4536 | D:3      | Noticed Sigmund
  4869 | D:3      | Killed Sigmund
  6055 | D:5      | Reached skill level 1 in Armour
  6147 | D:5      | Reached XP level 8. HP: 42/63 MP: 8/8
  6277 | D:5      | Found a white marble altar of Elyvilon.
  6646 | D:5      | Reached skill level 1 in Invocations
  6902 | D:5      | Found a blossoming altar of Fedhas.
  7702 | D:6      | Reached *** piety under Okawaru
  7707 | D:6      | Reached XP level 9. HP: 18/72 MP: 8/11
  8731 | D:6      | Reached skill level 5 in Fighting
  9918 | D:5      | Reached skill level 1 in Maces & Flails
 10056 | D:7      | Reached skill level 5 in Invocations
 10304 | D:7      | Reached skill level 1 in Shields
 10464 | D:7      | Reached **** piety under Okawaru
 10493 | D:7      | Found a stormy altar of Qazlal.
 10884 | D:7      | Reached skill level 1 in Crossbows
 11095 | D:8      | Noticed a dagger
 11096 | D:8      | Found a hide-covered altar of Uskayaw.
 11097 | D:8      | Noticed an enchanted hand axe
 11188 | D:8      | Reached XP level 10. HP: 79/83 MP: 14/14
 11365 | D:8      | Received a gift from Okawaru
 11467 | D:9      | Gained mutation: You are robust. (+10% HP) [potion of mutation]
 11467 | D:9      | Gained mutation: You are somewhat resistant to further mutation. [potion of mutation]
 12329 | D:9      | Reached skill level 5 in Crossbows
 12340 | D:9      | Noticed a cyclops
 13000 | D:9      | Reached skill level 5 in Shields
 13204 | D:9      | Killed a cyclops
 13214 | D:9      | Reached ***** piety under Okawaru
 13265 | D:10     | Entered Level 10 of the Dungeon
 13900 | D:10     | Received a gift from Okawaru
 13907 | D:10     | Reached XP level 11. HP: 97/97 MP: 13/15
 14022 | D:10     | Received a gift from Okawaru
 14323 | D:10     | Noticed a hill giant
 14387 | D:10     | Killed a hill giant
 14457 | D:10     | Noticed a hill giant
 14506 | D:10     | Killed a hill giant
 14883 | D:10     | Found a staircase to the Orcish Mines.
 15114 | D:10     | Noticed Joseph
 15654 | D:10     | Killed Joseph
 15831 | Orc:1    | Entered Level 1 of the Orcish Mines
 16002 | D:11     | Received a gift from Okawaru
 16476 | D:12     | Noticed a deep elf mage
 16483 | D:12     | Killed a deep elf mage
 16641 | D:12     | Noticed a centaur warrior
 16651 | D:12     | Killed a centaur warrior
 17109 | D:11     | Noticed a five-headed hydra
 17139 | D:11     | Killed a five-headed hydra
 17792 | D:11     | Found a stormy altar of Qazlal.
 17954 | D:11     | Reached XP level 12. HP: 105/105 MP: 16/16
 18088 | D:11     | Found a staircase to the Lair.
 18444 | Lair:1   | Entered Level 1 of the Lair of Beasts
 19411 | Lair:1   | Received a gift from Okawaru
 19926 | Lair:2   | Found a staircase to the Shoals.
 20808 | Lair:3   | Noticed Harold
 21346 | Lair:2   | Reached skill level 10 in Crossbows
 21465 | Lair:3   | Got a slimy war axe
 21495 | Lair:3   | Identified the +1 war axe "Dequ" {holy, +Rage rF+ Str+5 Int+3} (You found it on level 3 of the Lair of Beasts)
 21527 | Lair:3   | Killed Harold
 21582 | Lair:3   | Found a staircase to the Snake Pit.
 22457 | Lair:4   | Noticed a four-headed hydra
 22489 | Lair:3   | Killed a four-headed hydra
 22935 | Lair:4   | Noticed a seven-headed hydra
 22946 | Lair:4   | Killed a seven-headed hydra
 23032 | Lair:4   | Received a gift from Okawaru
 23281 | Lair:4   | Noticed Sonja
 23292 | Lair:4   | Killed Sonja
 23934 | Lair:5   | Found a viscous altar of Jiyva.
 23935 | Lair:5   | Found a staircase to the Slime Pits.
 24177 | Lair:5   | Received a gift from Okawaru
 24298 | Lair:5   | Reached XP level 13. HP: 97/115 MP: 17/17
 24554 | Lair:5   | Reached skill level 5 in Dodging
 24974 | Lair:6   | Entered Level 6 of the Lair of Beasts
 24998 | Lair:6   | Reached skill level 10 in Axes
 25527 | Lair:6   | Reached skill level 5 in Armour
 25533 | Lair:6   | Reached ****** piety under Okawaru
 26153 | Lair:6   | Received a gift from Okawaru
 26157 | Lair:6   | Got a warped centaur barding {god gift}
 26173 | Lair:6   | Identified the +2 centaur barding of the Sun {rElec MR+ Int+5} (Okawaru gifted it to you on level 6 of the Lair of Beasts)
 26544 | Lair:6   | Found a large runed door.
 26544 | Lair:6   | Found a large runed door.
 26545 | Lair:6   | Noticed a fire dragon
 26551 | Lair:6   | HP: 5/118 [fire dragon (11)]
 26551 | Lair:6   | Slain by a fire dragon

Vault maps used:
D:1:      mushboom_english_gardens, minmay_misc_feat_secret_circle
D:2:      led_sif_pool, minitemple, uniq_iyjb
D:3:      minivault_27, led_xom_imps, uniq_sigmund, uniq_natasha, uniq_terence
D:4:      first_bread
D:5:      elyvilon_altar_5, fedhas_altar_4
D:6:      gammafunk_temple_overflow_elements
D:7:      kennysheep_mini
D:8:      dancing_weapons_uskayaw
D:9:      nicolae_overflow_hidden_temple, dk_vineyard_3, david_nohive_1,
          minmay_ruffians
D:10:     david_orc_3, special_room, uniq_joseph
D:11:     lair_0_dummy, special_room, minmay_misc_feat_columns,
          nicolae_qazlal_general_emergency
D:12:     serial_shops, shop
Temple:   jpeg_temple_clearing
Lair:1:   grunt_forest_small_clearings, infiniplex_staircase_pool,
          serial_bayou_shore_a, lemuel_fruit_fields, grunt_megastairs_5
Lair:2:   minmay_shoals_entry_lonely_mermaid
Lair:3:   guppyfry_snake_entry_garden, serial_bayou_pond_d, uniq_harold
Lair:4:   lemuel_fruit_tree, bh_autumn_forest_stairs, lemuel_fruit_fields,
          serial_bayou_shore_b, uniq_sonja
Lair:5:   wad_woods_settlement, slime_altar_1
Lair:6:   cheibrodos_lair_end_hotspot
Orc:1:    serial_shops, shop, nicolae_shop_behind_doors,
          nicolae_shop_statue_plus

Skill      XL: |  1  2  3  4  5  6  7  8  9 10 11 12 13 |
---------------+----------------------------------------+-----
Axes           | 3 4 5 6 7 8 9 10 | 10.9
Armour         | 1 3 4 5 |  5.4
Invocations    | 3 5 |  5.4
Fighting       | 4 6 7 8 |  8.6
Dodging        | 3 4 5 |  5.2
Maces & Flails | 2 |  2.2
Shields        | 2 5 9 |  9.9
Crossbows      | 2 6 7 10 | 10.0
Stealth        | |  1.1

Action                   |  1- 3 |  4- 6 |  7- 9 | 10-12 | 13-15 || total
-------------------------+-------+-------+-------+-------+-------++-------
Melee: Hand axe          |    64 |    25 |   385 |    25 |       ||   499
       Kick              |    16 |    30 |   184 |   179 |    90 ||   499
       Spear             |    23 |       |       |       |       ||    23
       Mace              |    39 |   117 |   274 |   131 |       ||   561
       Punch             |       |       |     6 |       |       ||     6
       Flail             |       |       |       |   267 |       ||   267
       War axe           |       |       |       |   241 |   204 ||   445
 Fire: Hand crossbow     |       |       |     5 |   435 |   116 ||   556
Throw: Stone             |       |       |     4 |     5 |       ||     9
       Throwing net      |       |       |       |       |     1 ||     1
Invok: Heroism           |       |       |    13 |    21 |     4 ||    38
Evoke: Wand              |       |       |       |     3 |       ||     3
  Use: Scroll            |       |       |     7 |    14 |     3 ||    24
       Potion            |       |       |     3 |     2 |       ||     5
 Stab: Sleeping          |     1 |       |     1 |       |       ||     2
  Eat: Bread ration      |     1 |       |     2 |     1 |       ||     4
       Chunk             |     2 |     6 |    10 |    17 |     7 ||    42
       Meat ration       |       |       |     1 |     1 |       ||     2
       Pizza             |       |       |       |     2 |       ||     2
       Fruit             |       |       |       |     2 |       ||     2
Armor: Robe              |    55 |       |       |     1 |       ||    56
       Ring mail         |       |    63 |   273 |   135 |       ||   471
       Scale mail        |       |     6 |       |     7 |    82 ||    95
       Leather armour    |       |       |       |    67 |       ||    67
Dodge: Dodged            |    73 |    54 |   308 |   455 |    61 ||   951
Block: Shield            |       |       |       |   267 |   104 ||   371
       Rpst.: Flail      |       |       |       |    11 |       ||    11
       War axe           |       |       |       |    24 |    16 ||    40
       Hand crossbow     |       |       |       |     6 |     3 ||     9
